AoeStats
← mathdevils

Black Forest

507612026Analyzed
2v2 RM · 13d ago on Sep 19, 2026· 58m 13s· 4 players
Game mode
Random Map
Map size
Medium (4 player)
Population
200
Speed
Normal
Resources
Standard
Victory
Conquest
Starting age
Dark Age
Ending age
Imperial Age
RankedLock teamsTeams togetherTeam positionsShared explorationLock speedFull tech treeHidden civsTurbo modeCheats
Victory
Defeat
🇨🇦 Bohemians · Canada
809
+18
🇨🇦 Franks · Canada
789
+19
🇵🇹 Wei · Portugal
864
-18
🇵🇹 Khmer · Portugal
855
-19
Sir KuBo PC
1:15 Loom
14:52 Feudal Age
16:29 Double-Bit Axe
18:08 Wheelbarrow
18:13 Arson
19:15 Horse Collar
19:40 Gold Mining
24:58 Castle Age
24:32 Stone Mining
26:07 Hand Cart
25:55 Heavy Plow
26:11 Bow Saw
25:32 Crossbowman
27:38 Stone Shaft Mining
27:40 Gold Shaft Mining
27:31 Fletching
32:44 Bodkin Arrow
35:29 Fortified Wall
38:06 Imperial Age
36:14 Fervor
36:23 Elite Skirmisher
37:52 Masonry
37:37 Murder Holes
38:04 Ballistics
39:50 Chemistry
39:20 Architecture
38:58 Siege Engineers
40:03 Double Crossbow
40:42 Crop Rotation
41:04 Pikeman
42:04 Heated Shot
42:19 Caravan
42:08 Sappers
42:39 Town Watch
43:20 Conscription
43:42 Heavy Scorpion
45:34 Tusk Swords
46:12 Hoardings
45:24 Elite Ballista Elephant
46:39 Husbandry
47:15 Town Patrol
49:31 Herbal Medicine
50:02 Illumination
50:13 Theocracy
49:59 Sanctity
50:35 Halberdier
51:33 Capped Ram
54:40 Parthian Tactics
57:17 Bloodlines
BlueDragon_Tuga
0:43 Loom
15:23 Feudal Age
15:57 Gold Mining
15:53 Double-Bit Axe
17:09 Stone Mining
17:18 Horse Collar
20:49 Town Watch
23:37 Castle Age
22:51 Wheelbarrow
22:54 Fletching
23:05 Padded Archer Armor
24:55 Bow Saw
24:47 Heavy Plow
25:24 Gold Shaft Mining
25:54 Stone Shaft Mining
29:38 Hand Cart
30:39 Scale Barding Armor
30:44 Forging
30:30 Bodkin Arrow
30:50 Leather Archer Armor
36:23 Imperial Age
36:12 Tuntian
36:39 Chain Barding Armor
36:55 Iron Casting
36:35 Leather Archer Armor
36:21 Scale Mail Armor
38:33 Conscription
38:29 Squires
38:45 Pikeman
39:11 Arson
40:43 Blast Furnace
40:30 Caravan
41:11 Bracer
41:39 Ballistics
40:59 Treadmill Crane
41:31 Masonry
41:16 Murder Holes
41:43 Heavy Scorpion
41:44 Onager
42:45 Elite Skirmisher
45:27 Thumb Ring
45:57 Ring Archer Armor
45:43 Chain Mail Armor
47:04 Chemistry
55:16 Husbandry
54:36 Light Cavalry
57:04 Bloodlines
mouche Qc
13:38 Feudal Age
20:10 Castle Age
18:05 Horse Collar
18:38 Double-Bit Axe
21:42 Bow Saw
28:28 Wheelbarrow
27:39 Town Watch
29:58 Pikeman
34:45 Imperial Age
33:57 Forging
33:48 Scale Mail Armor
34:59 Squires
36:02 Chemistry
36:32 Ballistics
36:18 Siege Engineers
36:43 Caravan
39:13 Two-Man Saw
38:15 Heavy Plow
39:12 Iron Casting
38:52 Chain Mail Armor
38:29 Fletching
38:55 Halberdier
40:20 Houfnice
43:37 Elite Hussite Wagon
46:03 Conscription
58:45 Blast Furnace
58:15 Plate Mail Armor
57:42 Bodkin Arrow
mathdevils
0:29 Loom
16:32 Feudal Age
22:38 Castle Age
21:44 Double-Bit Axe
21:52 Gold Mining
22:10 Stone Mining
26:37 Coinage
26:12 Caravan
29:23 Gold Shaft Mining
31:00 Husbandry
36:30 Bow Saw
37:01 Wheelbarrow
40:10 Imperial Age
39:33 Forging
39:24 Scale Mail Armor
39:29 Scale Barding Armor
38:55 Elite Skirmisher
40:12 Cavalier
41:16 Conscription
41:37 Banking
42:35 Iron Casting
41:51 Fletching
42:02 Padded Archer Armor
43:32 Chemistry
42:28 Town Watch
43:22 Paladin
45:47 Bodkin Arrow
46:07 Leather Archer Armor
46:53 Blast Furnace
46:08 Chain Mail Armor
46:13 Chain Barding Armor
48:08 Masonry
47:54 Murder Holes
48:05 Siege Engineers
48:10 Fortified Wall
48:23 Ballistics
49:43 Chivalry
52:00 Hand Cart
59:04 Plate Mail Armor
59:09 Plate Barding Armor
Connection lost

Rejoining the realm…

Still unreachable

The connection could not be restored.

Session expired

The server has moved on; the page needs a fresh start.